AoeStats
← Mhafiki

Glade

503221428Analyzed
1v1 RM · 1mo ago on Aug 30, 2026· 31m 58s· 2 players
Game mode
Random Map
Map size
Tiny (2 player)
Population
200
Speed
Normal
Resources
Standard
Victory
Conquest
Starting age
Dark Age
Ending age
Imperial Age
RankedLock teamsTeams togetherTeam positionsShared explorationLock speedFull tech treeHidden civsTurbo modeCheats
Victory
Defeat
🇨🇴 Turks · Colombia
1189
+16
🇺🇸 Wei · United States
1184
-16
Mhafiki
7:28 Loom
9:46 Feudal Age
10:40 Double-Bit Axe
10:37 Horse Collar
13:03 Wheelbarrow
12:23 Gold Mining
20:01 Castle Age
18:25 Stone Mining
21:04 Bow Saw
21:32 Stone Shaft Mining
21:35 Gold Shaft Mining
21:02 Heavy Plow
28:46 Imperial Age
28:10 Forging
28:05 Scale Barding Armor
28:05 Fletching
28:15 Padded Archer Armor
28:46 Onager
29:48 Leather Archer Armor
30:45 Parthian Tactics
30:45 Bodkin Arrow
31:37 Crop Rotation
32:00 Thumb Ring
Pachin
2:26 Loom
12:51 Feudal Age
13:49 Town Watch
17:33 Castle Age
16:40 Double-Bit Axe
24:16 Horse Collar
28:32 Imperial Age
26:17 Gold Mining
29:34 Conscription
30:35 Padded Archer Armor
Connection lost

Rejoining the realm…

Still unreachable

The connection could not be restored.

Session expired

The server has moved on; the page needs a fresh start.